 Dungeon Crawl Stone Soup version 0.29.1-14-g9c671dbff4 (webtiles) character file.

Game seed: 6703286676760537647

109 sankara the Trooper (level 4, 0/41 HPs)
             Began as a Hill Orc Fighter on Feb 14, 2023.
             Killed by divine providence
             ... invoked by an orc priest
              (11 damage)
             ... on level 3 of the Dungeon.
             The game lasted 00:03:06 (2111 turns).

sankara the Trooper (Hill Orc Fighter)              Turns: 2111, Time: 00:03:07

Health: 0/41       AC: 13    Str: 18    XL:     4   Next: 89%
Magic:  4/4        EV:  6    Int:  8    God:
Gold:   138        SH:  5    Dex: 12    Spells: 3/3 levels left

rFire   . . .      SeeInvis .   a - +0 war axe
rCold   . . .      Faith    .   c - +0 buckler
rNeg    . . .      Spirit   .   p - +0 chain mail
rPois   .          Reflect  .   (no helmet)
rElec   .          Harm     .   (no cloak)
rCorr   .          Rampage  .   (no gloves)
Will    .....                   (no boots)
Stlth   ..........              j - amulet of magic regeneration
HPRegen 0.13/turn               m - +4 ring of protection
MPRegen 0.49/turn               (no ring)

@: no status effects
A: no striking features
a: Convert to Beogh


You were on level 3 of the Dungeon.
You visited 1 branch of the dungeon, and saw 3 of its levels.

You collected 138 gold pieces.

Inventory:

Hand Weapons
 a - a +0 war axe (weapon)
Armour
 c - a +0 buckler (worn)
 p - a +0 chain mail (worn)
Jewellery
 j - an amulet of magic regeneration (around neck)
 m - a +4 ring of protection (left hand)
Scrolls
 b - a scroll of noise {unknown}
 e - a scroll of magic mapping {unknown}
 g - 7 scrolls of identify {unknown}
 h - a scroll of fog {unknown}
 i - 2 scrolls of enchant weapon {unknown}
 l - a scroll of silence {unknown}
 n - a scroll of teleportation {unknown}
 q - a scroll of fear {unknown}
Potions
 d - a potion of might
 f - a potion of curing {unknown}
 k - a potion of lignification {unknown}
 o - a potion of attraction {unknown}


   Skills:
 + Level 4.5 Fighting
 * Level 4.3 Axes
 + Level 4.0 Armour
 + Level 4.0 Shields


You had 3 spell levels left.
You didn't know any spells.
Your spell library contained the following spells:

 Spells                   Type           Power      Damage    Failure   Level
 Shock                    Conj/Air       0%         1d3       100%        1
 Swiftness                Air            0%         N/A       100%        3
 Airstrike                Air            0%         2d(0-16)  100%        4


Dungeon Overview and Level Annotations

Branches:
Dungeon (3/15)

Altars:


Message History

You hit the orc.
The orc is almost dead.
The orc priest drinks a potion.
The orc priest seems to speed up.
The orc hits you with a +0 long sword. The orc hits you but does no damage.
You barely miss the orc.
The orc is almost dead.
An adder comes into view.
The orc priest casts a cantrip, but nothing happens.
The orc hits you but does no damage.
Unknown command.
You closely miss the orc.
The orc is almost dead.
The adder hisses angrily.
The orc priest calls upon Beogh to heal the orc.
The orc is healed somewhat.
The orc hits you but does no damage.
You barely miss the orc.
The orc is lightly wounded.
The orc hits you but does no damage.
A ball python comes into view.
The orc hits you but does no damage.
Unknown command.
You closely miss the orc.
The orc is lightly wounded.
The ball python hisses angrily.
The orc hits you with a +0 long sword.
* * * LOW HITPOINT WARNING * * *
The adder barely misses you.
You slash the orc!
You kill the orc!
You barely miss the adder.
A quokka comes into view.
The adder bites you but does no damage.
The orc priest hits you but does no damage.
Unknown command.
You slash the orc priest!
The orc priest is heavily wounded.
You hit the adder. The adder barely misses you.
The orc priest calls down the wrath of Beogh upon you.
Beogh smites you!
You die...

# ##.###### ####.......#
###.......# ...........#
###.........#
.......########...........#
.....### ≈≈≈≈≈##..........#
....## ....≈≈##.........#
...## ..)..≈≈#.........#
...# ......S#.).......#
..## #...o@........# ..#
#...≈####..#### ..# #...≈
#...# ### #.S≈≈ #.#†# ###
#..≈####.#.# ..#
.r.≈≈#.##.#.# ###
...≈≈##.##...# ..# .≈≈≈#
#.##..## ### #####.##..#


You could see an orc priest (fast), an adder, a quokka and a ball python.

Vanquished Creatures
  3 adders (D:2)
  A worm (D:2)
  A dart slug (D:2)
  4 orcs (D:3)
  3 bats
  2 bat skeletons (D:2)
  4 endoplasms
  14 giant cockroaches
  3 goblins (D:3)
  5 hobgoblins
  2 quokkas
  7 ball pythons
  2 ball python zombies (D:2)
  3 frilled lizards
  A giant cockroach zombie (D:2)
  3 kobolds
  A quokka skeleton (D:2)
  7 rats
66 creatures vanquished.

Notes
Turn   | Place    | Note
-------+----------+-------------------------------------------
     0 | D:1      | sankara the Hill Orc Fighter began the quest for the Orb.
     0 | D:1      | Reached XP level 1. HP: 19/19 MP: 1/1
   246 | D:1      | Reached XP level 2. HP: 27/27 MP: 2/2
   751 | D:1      | Found a faded altar of an unknown god.
   985 | D:2      | Reached XP level 3. HP: 33/33 MP: 3/3
  1437 | D:2      | Reached XP level 4. HP: 40/40 MP: 4/4
  2111 | D:3      | Killed from afar by an orc priest

Illustrated notes

Levels and vault maps discovered:
D:1:      saegor_arrival_simple_e, layout_loops_ring,
          chequers_ecumenical_altar_grove
D:2:      minmay_roachtagon, layout_basic, serial_undead, serial_undead_b,
          serial_undead_d, serial_undead_f, serial_undead_c,
          kennysheep_decorative_pillar
D:3:      layout_rooms, kennysheep_potato

Skill      XL: |  1  2  3  4 |
---------------+-------------+-----
Axes           | 3 4 |  4.3
Fighting       | 4 |  4.5
Armour         | 4 |  4.0
Shields        | 4 |  4.0

Action                   |  1- 3 |  4- 6 || total
-------------------------+-------+-------++-------
Melee: War axe           |    86 |    58 ||   144
Armor: Scale mail        |    52 |    10 ||    62
       Chain mail        |       |    34 ||    34
Dodge: Dodged            |    48 |    20 ||    68
Block: Buckler           |    28 |    19 ||    47
